 Dungeon Crawl Stone Soup version 0.26-a0-639-g72c4674329 (webtiles) character file.

Game seed: 2674526080195014119

9350 Flugslaktarn the Cleaver (level 11, -3/106 HPs)
             Began as a Deep Dwarf Fighter on Sept 24, 2020.
             Was a Priest of Makhleb.
             Slain by a red ugly thing (5 damage)
             ... on level 11 of the Dungeon.
             The game lasted 00:04:35 (6244 turns).

Flugslaktarn the Cleaver (Deep Dwarf Fighter)       Turns: 6244, Time: 00:04:35

Health: -3/106     AC: 16    Str: 30    XL:     11   Next: 21%
Magic:  9/9        EV: 10    Int: 11    God:    Makhleb [***...]
Gold:   284        SH: 12    Dex: 12    Spells: 10/10 levels left

rFire    + . .     SeeInvis +   G - +1 war axe (pain)
rCold    + . .     Faith    .   c - +0 kite shield
rNeg     . . .     Spirit   .   A - +0 plate armour "Put-Me-On" {Int+3 SInv}
rPois    .         Reflect  .   y - +0 helmet
rElec    .         Harm     .   (no cloak)
rCorr    .         Rampage  .   u - +0 pair of gloves
MR       +....                  (no boots)
Stlth    ..........             (no amulet)
HPRegen  0.00/turn              l - ring of the Saviour {rF+ rC+ Str+6}
MPRegen  0.11/turn              v - +4 ring of evasion

@: non-regenerating
A: damage resistance, heal wounds, sense surroundings 2, no regeneration
a: Heal Wounds, Minor Destruction, Lesser Servant of Makhleb, Renounce Religion


You were on level 11 of the Dungeon.
You worshipped Makhleb.
Makhleb was most pleased with you.
You visited 2 branches of the dungeon, and saw 12 of its levels.

You collected 613 gold pieces.
You spent 329 gold pieces at shops.

Inventory:

Hand Weapons
 C - a +1 dagger of distortion
   (You took it off a kobold on level 10 of the Dungeon)
 G - a +1 war axe of pain (weapon)
   (You took it off Maggie on level 10 of the Dungeon)
Missiles
 j - a throwing net (quivered)
Armour
 c - a +0 kite shield (worn)
 p - a +0 plate armour
   (You found it on level 5 of the Dungeon)
 u - a +0 pair of gloves (worn)
   (You found it on level 5 of the Dungeon)
 y - a +0 helmet (worn)
   (You found it on level 5 of the Dungeon)
 A - the +0 plate armour "Put-Me-On" (worn) {Int+3 SInv}
   (You found it on level 7 of the Dungeon)

   It affects your intelligence (+3).
   It lets you see invisible.
Jewellery
 e - a +6 ring of strength
   (You found it on level 6 of the Dungeon)
 l - the ring of the Saviour (left hand) {rF+ rC+ Str+6}
   (You found it on level 4 of the Dungeon)

   [ring of protection from fire]

   It affects your strength (+6).
   It protects you from fire.
   It protects you from cold.
 v - a +4 ring of evasion (right hand)
   (You found it on level 5 of the Dungeon)
Wands
 a - a wand of acid (11)
   (You found it on level 11 of the Dungeon)
 g - a wand of paralysis (9)
   (You found it on level 2 of the Dungeon)
Scrolls
 b - a scroll of fear {unknown}
 k - 4 scrolls of enchant weapon
 r - 9 scrolls of identify
 s - a scroll of magic mapping
 t - 5 scrolls of teleportation
 x - 9 scrolls of remove curse
 z - 2 scrolls of blinking
 B - a scroll of summoning {unknown}
Potions
 d - 3 potions of might
 f - 3 potions of flight
 h - 2 potions of haste
 i - a potion of mutation
 m - a potion of berserk rage
 n - a potion of resistance
 o - a potion of cancellation
 q - 7 potions of curing
 w - a potion of lignification
 D - 2 potions of ambrosia {unknown}
 E - a potion of heal wounds {unknown}
 F - a potion of brilliance {unknown}


   Skills:
 * Level 9.4 Fighting
 * Level 10.8 Axes
 + Level 8.2 Armour
 + Level 8.3 Shields
 + Level 6.8 Invocations


You had 10 spell levels left.
You didn't know any spells.
Your spell library was empty.

Dungeon Overview and Level Annotations

Branches:
Dungeon (11/15)            Temple (1/1) D:5            Lair (0/6) D:10
    Orc: D:9-12

Altars:
Ashenzari
Cheibriados
Dithmenos
Elyvilon
Fedhas
Gozag
Hepliaklqana
Kikubaaqudgha
Makhleb
Nemelex Xobeh
Okawaru
Qazlal
Ru
Sif Muna
Trog
Uskayaw
Wu Jian
Xom
Yredelemnul
Zin
The Shining One

Shops:
D:5 =   D:6 *   D:8 (   D:11 ?


Innate Abilities, Weirdness & Mutations

You are resistant to damage.
You can heal yourself by infusing magical energy.
You passively map the area around you.
You do not regenerate.


Message History

You don't have enough health at the moment.
Your orange demon stings the 12-headed hydra from afar!
Your smoke demon hits the 12-headed hydra. x3
You feel much better. The 12-headed hydra bites you.
* * * LOW HITPOINT WARNING * * *
The 12-headed hydra bites you but does no damage.
The 12-headed hydra bites you!
* * * LOW HITPOINT WARNING * * *
The 12-headed hydra barely misses you.
The 12-headed hydra bites you but does no damage.
The 12-headed hydra barely misses you.
The 12-headed hydra bites you but does no damage.
The 12-headed hydra bites you. The 12-headed hydra closely misses you.
The 12-headed hydra bites you!
* * * LOW HITPOINT WARNING * * *
The 12-headed hydra closely misses you. You block the 12-headed hydra's attack.
The red ugly thing tail-slaps you!
* * * LOW HITPOINT WARNING * * *
You are engulfed in flames!
You resist.
You die...

#.....(^......#.#........... *
#.....(.......#.#...........
###...#####...#.#...........
**########.#####...#.#####'#####.
.......†.....#...#.# #.#
############.#...#.#####.###### ,
.........+.4.'..........(..
*########.#.u.#.#####+######
#..@D.#.# ,, * * * ##..3.#.# ,, ,
, , #######.####.# ,, , ,
*......)..# #.# ,, , , ,
*.........###.# , ..........##.#
*+ * ,, ........#.## **, , ,*
#########..# , * , ,, ##.## ,


You could see a 12-headed hydra (very poisoned), a red ugly thing, a friendly
orange demon (summoned) and a friendly smoke demon (summoned).

Vanquished Creatures
  A two-headed ogre (D:10)
  An unseen horror (D:10)
  Maggie (D:10)
  2 trolls
  A hornet (D:8)
  2 hippogriffs (D:10)
  A wyvern (D:10)
  9 yaks (D:9)
  A water moccasin (D:7)
  4 orc warriors
  A necrophage (D:8)
  6 sky beasts
  3 ice beasts
  A black bear (D:9)
  3 ogres
  4 phantoms
  11 centaurs
  2 crocodiles
  2 big kobolds
  A gnoll sergeant (D:8)
  2 bullfrogs (D:10)
  A wyvern skeleton (D:7)
  A wyvern zombie (D:7)
  4 scorpions
  A killer bee (D:8)
  7 wights
  A howler monkey (D:4)
  2 centaur zombies
  A bullfrog zombie (D:10)
  A quasit (D:8)
  4 hounds
  A jelly (D:8)
  9 orc priests
  2 iguanas
  2 bullfrog skeletons
  10 orc wizards
  3 worker ants
  A killer bee zombie (D:9)
  A hound skeleton (D:11)
  A howler monkey zombie (D:7)
  A worker ant zombie (D:8)
  4 gnolls (D:7)
  14 adders
  3 shadow imps
  3 white imps
  An ufetubus (D:7)
  2 oozes
  3 adder skeletons
  A worm (D:3)
  4 leopard geckos
  35 orcs
  3 ball pythons
  A giant cockroach (D:5)
  A hobgoblin (D:2)
  13 jackals
  13 kobolds
  6 quokkas
  4 bats
  A frilled lizard (D:3)
  8 rats
233 creatures vanquished.

Notes
Turn   | Place    | Note
-------+----------+-------------------------------------------
     0 | D:1      | Flugslaktarn the Deep Dwarf Fighter began the quest for the
                  | Orb.
     0 | D:1      | Reached XP level 1. HP: 20/20 MP: 1/1
    56 | D:2      | Found an iron altar of Okawaru.
    58 | D:2      | Reached XP level 2. HP: 27/27 MP: 2/2
   157 | D:2      | Reached XP level 3. HP: 29/34 MP: 3/3
   220 | D:3      | Reached skill level 3 in Axes
   244 | D:3      | Reached XP level 4. HP: 19/42 MP: 4/4
   467 | D:4      | Reached XP level 5. HP: 50/50 MP: 4/4
   478 | D:4      | Got a sparkling lead ring
   579 | D:5      | Entered Level 5 of the Dungeon
  1069 | D:5      | Reached skill level 4 in Axes
  1093 | D:5      | Found a staircase to the Ecumenical Temple.
  1140 | Temple   | Entered the Ecumenical Temple
  1375 | D:5      | Found Qauranor's Jewellery Boutique.
  1416 | D:5      | Noticed a phantom
  1474 | D:5      | Killed a phantom
  1474 | D:5      | Reached XP level 6. HP: 27/57 MP: 5/5
  1602 | D:5      | Found a shimmering blue altar of Sif Muna.
  1737 | D:6      | Found Cyfoz's Assorted Antiques.
  1815 | D:5      | Identified the ring of the Saviour {rF+ rC+ Str+6} (You
                  | found it on level 4 of the Dungeon)
  1854 | D:6      | Noticed an orc warrior
  1874 | D:6      | Killed an orc warrior
  1876 | D:6      | Found a glowing silver altar of Zin.
  1935 | D:6      | Bought a scroll labeled GOSEH OSIOLLA for 26 gold pieces
  1935 | D:6      | Bought a scroll labeled GEDIEM JUARAYF for 26 gold pieces
  1935 | D:6      | Bought a metallic orange potion for 23 gold pieces
  1998 | D:6      | Reached skill level 5 in Axes
  2159 | D:6      | Reached XP level 7. HP: 56/66 MP: 6/6
  2213 | D:6      | Found a sparkling altar of Nemelex Xobeh.
  2675 | D:7      | Reached skill level 5 in Fighting
  2715 | D:7      | Reached skill level 5 in Shields
  2757 | D:7      | Reached skill level 5 in Armour
  2764 | D:7      | Found a shadowy altar of Dithmenos.
  2858 | D:7      | Reached skill level 6 in Axes
  2871 | D:7      | Reached XP level 8. HP: 66/75 MP: 7/7
  2896 | D:7      | Got a bloodstained plate armour
  2907 | D:7      | Identified the cursed +0 plate armour "Put-Me-On" {Int+3
                  | SInv} (You found it on level 7 of the Dungeon)
  3050 | D:7      | Found a hazy altar of Hepliaklqana.
  3074 | D:7      | Reached skill level 7 in Axes
  3158 | D:7      | Found a sand-covered staircase.
  3857 | D:2      | Found a basalt altar of Yredelemnul.
  3910 | D:2      | Found an iron altar of Okawaru.
  3910 | D:2      | Found a burning altar of Makhleb.
  3915 | D:2      | Became a worshipper of Makhleb the Destroyer
  4207 | D:8      | Reached skill level 1 in Invocations
  4338 | D:8      | Gained mutation: You passively map the area around you.
                  | [Deep Dwarf growth]
  4338 | D:8      | Reached XP level 9. HP: 63/85 MP: 6/6
  4353 | D:8      | Found Woebar's Antique Weapon Shoppe.
  4475 | D:8      | Noticed a troll
  4484 | D:8      | Killed a troll
  4484 | D:8      | Reached * piety under Makhleb
  4484 | D:8      | Reached skill level 8 in Axes
  4567 | D:8      | Found a glowing golden altar of the Shining One.
  4574 | D:8      | Found a shattered altar of Ashenzari.
  4601 | D:8      | Found a shadowy altar of Dithmenos.
  4601 | D:8      | Found a snail-covered altar of Cheibriados.
  4602 | D:8      | Found an ancient bone altar of Kikubaaqudgha.
  4756 | D:8      | Found a sparkling altar of Nemelex Xobeh.
  4758 | D:8      | Found a glowing golden altar of the Shining One.
  4758 | D:8      | Found a shimmering altar of Xom.
  4760 | D:8      | Found a hazy altar of Hepliaklqana.
  4760 | D:8      | Found a shimmering blue altar of Sif Muna.
  4760 | D:8      | Found a sacrificial altar of Ru.
  4926 | D:9      | Reached skill level 9 in Axes
  4941 | D:9      | You fall into a shaft and drop 1 floor!
  4941 | D:10     | Entered Level 10 of the Dungeon
  4990 | D:10     | Reached XP level 10. HP: 67/96 MP: 8/8
  5008 | D:10     | Noticed an unseen horror
  5012 | D:10     | Reached ** piety under Makhleb
  5020 | D:10     | Noticed a two-headed ogre
  5044 | D:10     | Killed a two-headed ogre
  5044 | D:10     | Reached skill level 5 in Invocations
  5051 | D:10     | Killed an unseen horror
  5133 | D:9      | Reached skill level 10 in Axes
  5241 | D:9      | Reached *** piety under Makhleb
  5278 | D:9      | Found a blossoming altar of Fedhas.
  5512 | D:10     | Found a staircase to the Lair.
  5518 | D:10     | Reached XP level 11. HP: 106/106 MP: 9/9
  5538 | D:10     | Noticed Maggie
  5549 | D:10     | Killed Maggie
  6068 | D:11     | Found Sauqead's Magic Scroll Shop.
  6079 | D:11     | Bought a scroll of enchant weapon for 127 gold pieces
  6079 | D:11     | Bought a scroll of blinking for 127 gold pieces
  6213 | D:11     | Noticed a red ugly thing
  6214 | D:11     | Noticed a seven-headed hydra
  6242 | D:11     | HP: 1/106 [red ugly thing (7)]
  6244 | D:11     | Slain by a red ugly thing

Illustrated notes

Levels and vault maps discovered:
D:1:      saegor_arrival_simple_e, layout_basic
D:2:      layout_loops_ring, yredelemnul_altar_generic, marbit_many_paths,
          gammafunk_temple_overflow_statue, okawaru_gym_becter
D:3:      layout_basic, minmay_box_of_dots, uniq_natasha
D:4:      layout_basic, grunt_ministairs_6, kennysheep_small_square
D:5:      layout_cave_pools, lemuel_blue_sif_altar,
          minmay_temple_entry_overgrown, serial_shops, shop
D:6:      layout_basic, lemuel_crystal_altar, serial_shops, nicolae_shop_stone,
          nemelex_diamond_rough_becter
D:7:      minmay_skewed_foursquare, layout_basic, lemuel_crystal_altar,
          nicolae_ossuary_entry_false_entrances,
          grunt_dithmenos_smoke_and_mirrors
D:8:      cheibrodos_barr_body, layout_basic, lemuel_round_altar,
          chequers_temple_overflow_statue_of_worship, serial_shops, shop,
          doesnt_xom_only_xom
D:9:      layout_cave_pools, kennysheep_mini_moat
D:10:     layout_rooms, lair_entry_dummy, minivault_19, kennysheep_minor_cross,
          uniq_maggie
D:11:     layout_basic, minmay_orc_entry_temple_small, serial_shops,
          nicolae_shop_waterfront
Temple:   nicolae_temple_figure_zero

Skill      XL: |  1  2  3  4  5  6  7  8  9 10 |
---------------+-------------------------------+-----
Fighting       | 3 4 5 6 7 9 |  9.4
Axes           | 3 4 5 6 7 9 10 | 10.8
Shields        | 4 5 6 7 8 |  8.3
Armour         | 4 5 6 7 8 |  8.2
Invocations    | 2 4 6 |  6.8

Action                   |  1- 3 |  4- 6 |  7- 9 | 10-12 || total
-------------------------+-------+-------+-------+-------++-------
Melee: War axe           |    49 |   159 |   424 |   232 ||   864
Invok: Lesser Servant of |       |       |       |     2 ||     2
 Abil: Heal Wounds       |       |     3 |    14 |     5 ||    22
  Use: Scroll            |       |    14 |     5 |       ||    19
Armor: Scale mail        |    34 |    17 |       |       ||    51
       Plate armour      |       |    46 |   212 |   183 ||   441
Dodge: Dodged            |    23 |    41 |   141 |   159 ||   364
Block: Kite shield       |    33 |    80 |   288 |   226 ||   627

Table legend: (Time is in decaauts)
 A = Elapsed time spent in this place.
 B = Non-inter-level travel time spent in this place.
 C = Inter-level travel time spent in this place.
 D = Time resting spent in this place.
 E = Time spent auto-exploring this place.
 F = Levels seen in this place.
 G = Mean time per level.
                   A        B        C        D        E       F      G
               +--------+--------+--------+--------+--------+-----+--------+
         Total |   6421 |   5767 |    654 |      0 |   4070 |  12 |  535.1 |
       Dungeon |   6302 |   5657 |    645 |      0 |   3963 |  11 |  572.9 |
        Temple |    118 |    109 |      9 |      0 |    107 |   1 |  118.0 |
               +--------+--------+--------+--------+--------+-----+--------+

Top non-repeatable levels by time:
     D:6: 963 daAuts
     D:7: 822 daAuts
     D:4: 810 daAuts
     D:8: 800 daAuts
     D:5: 646 daAuts
     D:2: 580 daAuts
    D:10: 550 daAuts
     D:9: 486 daAuts
    D:11: 310 daAuts
     D:3: 277 daAuts
  Temple: 118 daAuts
     D:1: 54 daAuts
